Map: New Richmond

Players

llllllllllll

  • Race: Terran Terran
  • League: Master
  • Spawn Location: 11:00

Fawkes

  • Race: Zerg Zerg
  • League: Diamond
  • Spawn Location: 12:00

Luzifer

  • Race: Terran Terran
  • League: Diamond
  • Spawn Location: 3:00

Loken

  • Race: Zerg Zerg
  • Spawn Location: 7:00

Myran

  • Race: Protoss Protoss
  • Spawn Location: 6:00

dallaskuken

  • Race: Protoss Protoss
  • League: Platinum
  • Spawn Location: 5:00

VOD

Have the link to the VOD?

Description

Time

  • Played on: March 10, 2017, 1:57 p.m.
  • Length: 7:25
Show
View Real Time Build Order
Export as new Build Order

llllllllllll Terran 

Build Orders:  

Get SALT Encoding   

  12  0:01  SCV  
  13  0:13  SCV  
  14  0:18  Supply Depot  
  14  0:26  SCV  
  15  0:32  Refinery  
  15  0:39  SCV  
  16  0:45  Barracks  
  16  0:51  SCV  
  16  0:55  Refinery  
  17  1:04  SCV  
  18  1:16  SCV  
  19  1:31  Orbital Command  
  19  1:32  Barracks Tech Lab  
  19  1:37  Ghost Academy  
  19  1:50  Factory  
  19  1:57  SCV  
  20  2:09  Ghost  
  20  2:13  SCV  
  23  2:26  Personal Cloaking  
  23  2:29  Supply Depot  
  23  2:39  Engineering Bay  
  23  2:46  Starport  
  23  2:50  SCV  
  24  3:02  SCV  
  24  3:04  Ghost  
  27  3:13  Supply Depot  
  27  3:15  SCV  
  28  3:22  Medivac  
  30  3:28  Missile Turret  
  30  3:29  SCV  
  31  3:37  Ghost Academy  
  32  3:41  SCV  
  32  3:52  Nuke  
  32  4:08  Nuke  
  32  4:13  Command Center  
  32  4:15  SCV  
  33  4:26  Missile Turret  
  33  4:28  SCV  
  33  4:29  Supply Depot  
  34  4:33  Factory Tech Lab  
  34  4:34  Starport Reactor  
  34  4:40  SCV  
  34  4:41  Refinery  
  35  5:00  Siege Tank  
  35  5:02  SCV  
  39  5:13  Nuke  
  39  5:20  Nuke  
  39  5:22  SCV  
  41  5:32  Orbital Command  
  41  5:34  Refinery, SCV  
  41  5:47  SCV, Liberator  
  42  5:59  SCV x2  
  42  6:04  Siege Tank  
  47  6:05  Supply Depot  
  47  6:09  Nuke  
  47  6:11  SCV  
  51  6:20  SCV  
  51  6:23  SCV  
  51  6:24  Nuke  
  51  6:25  Command Center  
  51  6:32  SCV  
  52  6:33  Supply Depot  
  52  6:37  Siege Tank  
  52  6:39  Ghost  
  53  6:42  SCV  
  56  6:55  SCV x2  
  56  7:00  Missile Turret  
  58  7:02  Missile Turret  
  58  7:07  SCV x2  
Show
View Real Time Build Order
Export as new Build Order

Fawkes Zerg 

Build Orders: Pool First 

Get SALT Encoding   

  12  0:01  Drone  
  13  0:13  Overlord  
  13  0:18  Drone  
  14  0:31  Drone x2  
  16  0:36  Drone  
  16  0:40  Extractor  
  16  0:48  Drone  
  17  0:52  Spawning Pool  
  16  0:58  Drone  
  17  1:07  Drone  
  18  1:24  Overlord  
  18  1:34  Hatchery  
  17  1:44  Queen  
  19  1:48  Metabolic Boost  
  19  1:56  Zergling x4  
  19  1:58  Zergling x2  
  22  2:09  Zergling x2  
  23  2:19  Drone  
  24  2:24  Queen  
  26  2:34  Drone  
  27  2:40  Zergling x2  
  28  2:51  Drone x2  
  28  2:58  Zergling x8  
  34  3:12  Drone x2  
  36  3:24  Overlord  
  36  3:28  Roach Warren  
  36  3:31  Drone  
  31  3:49  Drone x8  
  31  3:52  Extractor  
  38  3:56  Extractor  
  38  4:00  Drone x3  
  38  4:01  Drone  
  42  4:17  Roach x2  
  42  4:24  Overlord  
  42  4:25  Overlord x2  
  42  4:43  Roach  
  42  4:44  Roach x6  
  56  4:54  Overlord  
  56  5:05  Zergling x2  
  56  5:06  Roach  
  59  5:14  Overlord  
  59  5:15  Roach  
  59  5:16  Roach x5  
  59  5:20  Evolution Chamber  
  70  5:22  Roach  
  70  5:28  Roach  
  74  5:35  Spore Crawler  
  73  5:37  Roach x2, Spore Crawler  
  76  5:43  Ravager x2  
  76  5:44  Ravager x4  
  76  5:46  Overlord  
  82  5:59  Overlord x2  
  71  6:19  Roach  
  71  6:20  Roach x4  
  81  6:46  Roach  
  83  6:47  Roach x5  
Show
View Real Time Build Order
Export as new Build Order

Luzifer Terran 

Build Orders: MMM Bio 

Get SALT Encoding   

  12  0:01  SCV  
  13  0:13  SCV  
  14  0:17  Supply Depot  
  14  0:25  SCV  
  15  0:39  SCV  
  15  0:40  Barracks  
  16  0:45  Refinery  
  16  0:51  SCV  
  17  1:03  SCV  
  18  1:15  SCV  
  19  1:35  Marine  
  19  1:38  Command Center  
  20  1:40  Supply Depot  
  20  1:48  Orbital Command  
  20  2:00  Barracks Tech Lab  
  20  2:08  Bunker  
  20  2:14  SCV  
  21  2:18  Barracks  
  21  2:24  Stimpack  
  21  2:26  SCV  
  22  2:30  Marauder  
  22  2:36  Refinery  
  24  2:39  SCV  
  25  2:51  SCV  
  26  2:53  Orbital Command  
  26  3:03  SCV  
  27  3:16  Marauder  
  27  3:17  Orbital Command  
  29  3:23  Barracks Reactor  
  29  3:28  SCV  
  29  3:29  Barracks  
  30  3:37  Marauder  
  30  3:40  SCV  
  33  3:42  SCV  
  34  3:52  SCV  
  34  3:54  SCV  
  36  3:59  Marauder  
  36  4:00  Marine x2  
  36  4:01  Factory  
  40  4:04  SCV  
  40  4:07  SCV  
  42  4:16  SCV  
  43  4:18  Engineering Bay  
  43  4:20  Marauder, Engineering Bay  
  40  4:25  Combat Shields  
  36  4:32  Marine x2  
  36  4:33  Barracks Tech Lab  
  35  4:45  Missile Turret  
  35  4:51  SCV x2  
  37  4:57  Missile Turret  
  37  5:00  Terran Infantry Armor Level 1  
  37  5:08  SCV x2  
  39  5:15  Marauder, Marine  
  39  5:17  Concussive Shells  
  39  5:20  SCV x2  
  44  5:32  SCV x2  
  44  5:35  Refinery  
  45  5:36  Refinery  
  45  5:44  SCV  
  45  5:45  Starport  
  46  5:50  Factory Reactor  
  46  5:59  Supply Depot  
  46  6:21  Marauder x2, SCV x2, Marine x2  
  54  6:26  Supply Depot  
  54  6:42  Command Center  
  54  6:48  Marauder, SCV x2, Marine x3  
  54  6:50  Supply Depot  
  61  6:55  Barracks  
  61  7:06  Marine  
  62  7:12  SCV x2, Supply Depot  
  70  7:19  Armory  
Show
View Real Time Build Order
Export as new Build Order

Loken Zerg 

Build Orders: Hatch First 

Get SALT Encoding   

  12  0:02  Drone  
  13  0:14  Overlord  
  13  0:23  Drone  
  14  0:34  Drone x2  
  16  0:45  Drone  
  17  0:57  Hatchery  
  17  0:58  Drone  
  17  1:04  Drone  
  18  1:14  Drone  
  19  1:20  Drone  
  20  1:26  Spawning Pool  
  20  1:31  Drone  
  20  1:35  Extractor  
  19  1:40  Drone  
  20  1:53  Hatchery  
  19  1:55  Overlord  
  19  2:14  Queen  
  21  2:21  Drone x4  
  25  2:33  Drone  
  25  2:34  Drone  
  25  2:35  Queen  
  29  2:39  Zergling x2  
  29  2:43  Metabolic Boost  
  30  2:55  Roach Warren  
  29  3:01  Drone  
  29  3:02  Drone x2  
  32  3:16  Zergling x12  
  38  3:33  Overlord  
  38  3:34  Overlord x3  
  28  3:55  Zergling x14  
  23  3:56  Zergling x2  
  29  4:22  Drone  
  29  4:23  Drone x4  
  34  4:33  Queen  
  36  4:40  Queen  
  38  4:52  Drone  
  39  4:53  Drone x4  
  43  5:17  Drone x4  
  47  5:28  Roach x2  
  51  5:50  Lair  
  21  6:51  Zergling x4  
Show
View Real Time Build Order
Export as new Build Order

Myran Protoss 

Build Orders:  

Get SALT Encoding   

  12  0:02  Probe (Chrono Boost)  
  13  0:13  Probe (Chrono Boost)  
  14  0:24  Pylon, Probe (Chrono Boost)  
  15  0:42  Probe (Chrono Boost)  
  16  0:53  Gateway, Probe (Chrono Boost)  
  17  1:03  Probe (Chrono Boost)  
  18  1:08  Pylon  
  18  1:14  Probe (Chrono Boost)  
  19  1:27  Probe (Chrono Boost)  
  20  1:37  Probe (Chrono Boost)  
  21  1:53  Probe (Chrono Boost)  
  24  1:54  Zealot  
  24  2:14  Probe (Chrono Boost)  
  25  2:26  Zealot, Nexus  
  27  2:30  Pylon  
  27  2:32  Pylon  
  27  2:40  Cybernetics Core  
  27  2:42  Probe (Chrono Boost)  
  27  2:43  Gateway  
  28  2:45  Assimilator  
  28  2:50  Assimilator  
  28  2:53  Zealot, Probe (Chrono Boost)  
  31  3:03  Probe (Chrono Boost)  
  32  3:21  Zealot  
  32  3:26  Probe (Chrono Boost)  
  35  3:31  Zealot  
  37  3:44  Forge  
  37  3:46  Pylon  
  37  3:47  Probe (Chrono Boost)  
  37  3:48  Zealot  
  40  3:58  Zealot  
  40  4:02  Probe (Chrono Boost)  
  44  4:10  Probe (Chrono Boost)  
  44  4:15  Stalker  
  46  4:20  Probe (Chrono Boost)  
  47  4:28  Zealot  
  47  4:31  Probe (Chrono Boost)  
  50  4:36  Twilight Council  
  50  4:40  Pylon  
  50  4:43  Pylon  
  50  4:45  Stalker  
  52  4:55  Photon Cannon  
  52  4:58  Photon Cannon  
  53  5:00  Probe (Chrono Boost)  
  53  5:05  Gateway  
  53  5:06  Gateway  
  53  5:10  Probe (Chrono Boost)  
  24  5:28  Probe (Chrono Boost)  
  24  5:33  Probe (Chrono Boost)  
  24  5:39  Probe (Chrono Boost)  
  25  5:43  Probe (Chrono Boost)  
  25  5:44  Photon Cannon  
  25  5:49  Probe (Chrono Boost)  
  27  5:54  Probe (Chrono Boost)  
  28  6:00  Probe (Chrono Boost)  
  29  6:04  Probe (Chrono Boost)  
  28  6:15  Probe (Chrono Boost)  
  29  6:32  Probe (Chrono Boost)  
  30  6:42  Probe (Chrono Boost)  
  31  6:53  Probe (Chrono Boost)  
Show
View Real Time Build Order
Export as new Build Order

dallaskuken Protoss 

Build Orders: Oracle Opening 

Get SALT Encoding   

  12  0:02  Probe (Chrono Boost)  
  13  0:14  Pylon  
  14  0:21  Probe (Chrono Boost)  
  14  0:32  Probe (Chrono Boost)  
  15  0:42  Probe (Chrono Boost)  
  16  0:45  Gateway  
  16  0:57  Probe (Chrono Boost)  
  17  1:08  Assimilator, Probe (Chrono Boost)  
  18  1:13  Assimilator  
  18  1:25  Probe (Chrono Boost)  
  19  1:28  Pylon  
  19  1:47  Zealot  
  19  1:49  Probe (Chrono Boost)  
  22  1:54  Cybernetics Core  
  22  2:11  Probe (Chrono Boost)  
  23  2:23  Pylon  
  23  2:37  Zealot  
  23  2:40  Stargate  
  25  2:45  Pylon  
  25  2:46  Pylon  
  25  2:56  Probe (Chrono Boost)  
  26  3:08  Probe (Chrono Boost)  
  27  3:13  Stalker  
  27  3:23  Oracle  
  30  3:37  Warp Gate  
  31  3:41  Probe (Chrono Boost)  
  31  3:42  Gateway  
  31  3:45  Gateway  
  31  3:47  Gateway  
  31  4:08  Stalker  
  33  4:56  Probe (Chrono Boost)  
  33  4:59  Nexus  
  34  5:06  Pylon  
  34  5:09  Pylon, Probe (Chrono Boost)  
  34  5:12  Pylon  
  35  5:21  Probe (Chrono Boost)  
  36  5:33  Probe (Chrono Boost)  
  34  5:53  Stalker x3, Robotics Facility  
  34  5:54  Stalker  
  18  6:48  Probe (Chrono Boost)  
  18  7:00  Probe (Chrono Boost)  
  19  7:12  Probe (Chrono Boost)  
Tags
 
Add a new tag
Caveats
  • Supply blocks, unpowered buildings, or Contaminate may cause inaccurate times.
  • Supply counts are checked every 10 seconds.